 Dungeon Crawl Stone Soup version 0.28.0-53-g5a82cb258f (webtiles) character file.

Game seed: 6527184573308284700

98 safid the Chopper (level 4, -1/40 HPs)
             Began as a Hill Orc Fighter on Aug 15, 2022.
             Slain by Grinder (3 damage)
             ... on level 3 of the Dungeon.
             The game lasted 00:02:19 (2362 turns).

safid the Chopper (Hill Orc Fighter)                Turns: 2362, Time: 00:02:19

Health: -1/40      AC:  8    Str: 26    XL:     4   Next: 71%
Magic:  4/4        EV:  9    Int:  8    God:
Gold:   139        SH:  4    Dex: 10    Spells: 3/3 levels left

rFire   . . .      SeeInvis +   a - +0 war axe
rCold   . . .      Faith    .   c - +0 buckler
rNeg    . . .      Spirit   .   b - +0 scale mail
rPois   .          Reflect  .   (no helmet)
rElec   .          Harm     .   (no cloak)
rCorr   .          Rampage  .   n - +0 pair of gloves
Will    .....                   (no boots)
Stlth   ..........              (no amulet)
HPRegen 0.13/turn               f - +6 ring of strength
MPRegen 0.09/turn               o - ring of see invisible

@: no status effects
A: no striking features
a: no special abilities


You were on level 3 of the Dungeon.
You visited 1 branch of the dungeon, and saw 3 of its levels.

You collected 139 gold pieces.

Inventory:

Hand Weapons
 a - a +0 war axe (weapon)
Armour
 b - a +0 scale mail (worn)
 c - a +0 buckler (worn)
 n - a +0 pair of gloves (worn)
Jewellery
 f - a +6 ring of strength (left hand)
 o - a ring of see invisible (right hand)
Scrolls
 e - 2 scrolls of amnesia {unknown}
 g - 2 scrolls of fear {unknown}
 j - a scroll of noise {unknown}
 m - a scroll of teleportation {unknown}
 p - a scroll of holy word {unknown}
Potions
 d - a potion of might
 h - 2 potions of curing {unknown}
 i - 2 potions of brilliance {unknown}
 k - a potion of ambrosia {unknown}
 l - 3 potions of flight {unknown}


   Skills:
 - Level 4.0 Fighting
 + Level 4.7 Axes
 - Level 4.0 Armour
 - Level 4.0 Shields


You had 3 spell levels left.
You didn't know any spells.
Your spell library contained the following spells:

 Spells                   Type           Power      Damage    Failure   Level
 Beastly Appendage        Tmut           0%         N/A       77%         1
 Wereblood                Tmut           0%         N/A       88%         2
 Ignite Poison            Fire/Tmut/Pois 0%         N/A       98%         3
 Mephitic Cloud           Conj/Pois/Air  0%         N/A       98%         3
 Spider Form              Tmut/Pois      0%         N/A       98%         3
 Freezing Cloud           Conj/Ice/Air   0%         6-21      100%        5


Dungeon Overview and Level Annotations

Branches:
Dungeon (3/15)

Altars:

Shops:
D:1 (

Annotations:
D:3 Grinder


Message History

You closely miss Grinder.
Grinder is moderately wounded.
Grinder gestures at you. Pain shoots through your body!
* * * LOW HITPOINT WARNING * * *
Unknown command.
You barely miss Grinder.
Grinder is moderately wounded.
Grinder hits you but does no damage. Grinder gestures at you.
You barely resist.
Unknown command.
You hit Grinder.
Grinder is moderately wounded.
Grinder gestures at you. You resist with significant effort.
Unknown command.
You slash Grinder!
Grinder is heavily wounded.
Grinder blinks!
Unknown command.
You start resting.
Grinder is nearby!
Grinder hits you but does no damage.
You hit Grinder.
Grinder is severely wounded.
You block Grinder's attack.
You hit Grinder.
Grinder is almost dead.
Grinder hits you!
* * * LOW HITPOINT WARNING * * *
Unknown command.
You hit Grinder.
Grinder is almost dead.
Grinder hits you but does no damage.
Unknown command.
You closely miss Grinder.
Grinder is almost dead.
You block Grinder's attack. Grinder hits you.
You die...

##############
#.........$5.#
#####.########
#@#
.............#
#.#
#####.######.#
#.#
####.#.#####.#
#.#
....###......#
#.#
####.#.####..#
#.# ##.## #..#
#.#
#.#####..###.#
#............##


You could see Grinder.

Vanquished Creatures
  2 adders
  2 worms
  5 orcs (D:3)
  2 ball pythons
  3 endoplasms (D:1)
  3 giant cockroaches
  8 goblins
  7 hobgoblins
  4 jackals
  5 kobolds (D:1)
  4 quokkas
  6 bats
  4 frilled lizards
  9 rats
64 creatures vanquished.

Notes
Turn   | Place    | Note
-------+----------+-------------------------------------------
     0 | D:1      | safid the Hill Orc Fighter began the quest for the Orb.
     0 | D:1      | Reached XP level 1. HP: 19/19 MP: 1/1
   177 | D:1      | Reached XP level 2. HP: 21/27 MP: 2/2
   264 | D:1      | Found Wirysh's Weapon Shoppe.
   832 | D:1      | Reached XP level 3. HP: 31/33 MP: 3/3
   945 | D:1      | Found a faded altar of an unknown god.
  1535 | D:2      | Reached XP level 4. HP: 40/40 MP: 4/4
  2344 | D:3      | Noticed Grinder
  2348 | D:3      | Paralysed by Grinder for 4 turns
  2360 | D:3      | HP: 2/40 [Grinder (7)]
  2362 | D:3      | Slain by Grinder

Illustrated notes

Levels and vault maps discovered:
D:1:      erik_arrival_cave_to_civilisation [erik_arrival_cave_to_hall],
          layout_basic, serial_shops, nicolae_shop_trees,
          dreamdust_ecumenical_altar_statues
D:2:      layout_rooms, minmay_misc_feat_doors, serial_bayou_lagoon_a,
          chequers_serial_rivers_micro_d, chequers_serial_rivers_small_3
D:3:      layout_loops_ring, uniq_grinder

Skill      XL: |  1  2  3  4 |
---------------+-------------+-----
Axes           | 3 4 |  4.7
Fighting       | 4 |  4.0
Armour         | 4 |  4.0
Shields        | 4 |  4.0

Action                   |  1- 3 |  4- 6 || total
-------------------------+-------+-------++-------
Melee: War axe           |   114 |    66 ||   180
Armor: Scale mail        |    56 |    34 ||    90
Dodge: Dodged            |    55 |    26 ||    81
Block: Buckler           |    22 |    13 ||    35
